General information
- name: BNet
- type: Ladder team game (AT/RT)
- host: Battle.net
- saver: ANGRYAGAIN2
map: PhantomGrove
- players: 4
- length: 64:56
- speed: Fast
- version: 1.26 W3XP
- replay type: Public
» download(327 KB)
Players
team 1 (winner)
ANGRYAGAIN2 (
pink | 57 APM | 3724 actions | 64:56)
10 Crypt Lord
3 Carrion Beetles
3 Spiked Carapace
1 Locust Swarm
3 Impale
» actions
Assign group hotkey | 84 | |
Basic commands | 136 | |
Build / train | 155 | |
Enter build submenu | 48 | |
Enter hero's abilities submenu | 10 | |
Give item / drop item | 5 | |
Remove unit from queue | 3 | |
Right click | 1580 | |
Select / deselect | 822 | |
Select group hotkey | 699 | |
Use ability | 180 | |
3724 total
» units
Acolyte | 43 | |
Ghoul | 10 | |
Crypt Fiend | 28 | |
Obsidian Statue | 11 | |
92 total
» upgrades
Web | 1 | |
Creature Carapace | 3 | |
Destroyer Form | 1 | |
Creature Attack | 3 | |
Burrow | 1 | |
9 total
» buildings
Altar of Darkness | 2 | |
Crypt | 1 | |
Graveyard | 1 | |
Ziggurat | 31 | |
Tomb of Relics | 2 | |
Nerubian Tower | 3 | |
Necropolis | 9 | |
Spirit Tower | 13 | |
Halls of the Dead | 1 | |
Black Citadel | 1 | |
Slaughterhouse | 2 | |
Sacrificial Pit | 1 | |
67 total
» build order
00:06 Altar of Darkness
00:10 Crypt
00:21 Graveyard
01:02 Ziggurat
01:07 Altar of Darkness
01:39 Tomb of Relics
02:04 Ziggurat
02:19 Nerubian Tower
06:32 Necropolis
06:36 Spirit Tower
07:48 Ziggurat
07:49 Ziggurat
08:34 Ziggurat
08:35 Ziggurat
08:44 Spirit Tower
08:48 Spirit Tower
10:24 Ziggurat
10:24 Ziggurat
12:00 Halls of the Dead
12:07 Spirit Tower
12:34 Spirit Tower
12:39 Ziggurat
12:41 Ziggurat
13:35 Spirit Tower
13:43 Tomb of Relics
13:49 Ziggurat
13:51 Spirit Tower
14:09 Ziggurat
14:10 Ziggurat
15:07 Nerubian Tower
15:20 Spirit Tower
15:22 Spirit Tower
15:59 Black Citadel
17:23 Slaughterhouse
17:24 Slaughterhouse
22:44 Ziggurat
22:45 Ziggurat
22:52 Ziggurat
23:55 Spirit Tower
27:32 Necropolis
27:33 Ziggurat
27:34 Ziggurat
27:35 Ziggurat
27:37 Ziggurat
27:38 Ziggurat
27:39 Ziggurat
30:42 Spirit Tower
35:56 Sacrificial Pit
39:31 Ziggurat
39:32 Ziggurat
39:32 Ziggurat
40:59 Spirit Tower
47:33 Necropolis
47:36 Ziggurat
47:39 Ziggurat
47:41 Ziggurat
47:41 Ziggurat
47:43 Ziggurat
48:50 Spirit Tower
51:10 Necropolis
51:10 Necropolis
51:11 Necropolis
51:12 Necropolis
51:13 Necropolis
51:14 Necropolis
55:11 Ziggurat
60:48 Nerubian Tower
» items
Rod of Necromancy | 1 | |
Scroll of Town Portal | 9 | |
Potion of Healing | 2 | |
Scroll of Healing | 3 | |
Orb of Corruption | 1 | |
Dust of Appearance | 1 | |
Boots of Speed | 1 | |
Staff of Teleportation | 1 | |
Scroll of Regeneration | 2 | |
Lesser Clarity Potion | 1 | |
22 total
MeatWagonDriver (
teal | 71 APM | 4634 actions | 64:54)
7 Archmage
3 Summon Water Elemental
3 Brilliance Aura
1 Mass Teleport
5 Paladin
2 Holy Light
3 Divine Shield
» actions
Assign group hotkey | 197 | |
Basic commands | 223 | |
Build / train | 227 | |
ESC pressed | 13 | |
Enter build submenu | 109 | |
Enter hero's abilities submenu | 12 | |
Give item / drop item | 1 | |
Remove unit from queue | 1 | |
Right click | 1427 | |
Select / deselect | 1188 | |
Select group hotkey | 944 | |
Use ability | 292 | |
4634 total
» units
Peasant | 88 | |
Footman | 20 | |
Dragonhawk Rider | 11 | |
Gryphon Rider | 7 | |
Siege Engine | 11 | |
Flying Machine | 9 | |
Kobold Geomancer | 1 | |
147 total
» upgrades
Defend | 1 | |
Storm Hammers | 1 | |
Swords | 3 | |
Armor | 3 | |
Magic Sentry | 1 | |
Cloud | 1 | |
Sorceress Training | 1 | |
Fragmentation Shards | 0 | |
Barrage | 1 | |
Masonry | 2 | |
Gunpowder | 2 | |
Flying Machine Bombs | 1 | |
Flak Cannons | 1 | |
18 total
» buildings
Altar of Kings | 2 | |
Farm | 16 | |
Barracks | 2 | |
Scout Tower | 35 | |
Town Hall | 9 | |
Arcane Tower | 3 | |
Keep | 5 | |
Arcane Vault | 2 | |
Lumber Mill | 3 | |
Guard Tower | 19 | |
Castle | 3 | |
Gryphon Aviary | 4 | |
Blacksmith | 2 | |
Arcane Sanctum | 2 | |
Workshop | 6 | |
Cannon Tower | 8 | |
121 total
» build order
00:07 Altar of Kings
00:12 Farm
00:29 Barracks
01:00 Farm
01:38 Scout Tower
03:28 Town Hall
03:42 Farm
04:52 Arcane Tower
05:17 Scout Tower
05:23 Barracks
05:51 Arcane Tower
06:11 Scout Tower
06:12 Scout Tower
06:57 Scout Tower
07:26 Keep
07:32 Arcane Tower
07:38 Arcane Vault
07:53 Farm
08:12 Scout Tower
08:21 Scout Tower
09:26 Scout Tower
09:27 Scout Tower
09:34 Lumber Mill
09:38 Farm
10:50 Guard Tower
10:50 Guard Tower
11:25 Keep
11:25 Keep
11:55 Scout Tower
11:57 Scout Tower
11:59 Scout Tower
12:00 Scout Tower
12:24 Guard Tower
12:24 Guard Tower
12:28 Guard Tower
12:29 Guard Tower
12:38 Guard Tower
12:38 Guard Tower
12:38 Guard Tower
13:08 Scout Tower
13:39 Guard Tower
13:40 Farm
13:52 Castle
13:55 Gryphon Aviary
13:57 Gryphon Aviary
16:14 Blacksmith
16:19 Scout Tower
16:20 Scout Tower
16:21 Scout Tower
16:51 Guard Tower
16:53 Guard Tower
17:05 Guard Tower
17:21 Farm
17:22 Farm
17:50 Arcane Sanctum
18:15 Farm
18:17 Farm
18:20 Scout Tower
18:30 Scout Tower
18:32 Scout Tower
18:33 Scout Tower
18:34 Scout Tower
19:05 Guard Tower
20:04 Town Hall
20:57 Guard Tower
20:57 Guard Tower
23:48 Town Hall
23:51 Town Hall
24:51 Town Hall
27:43 Town Hall
28:40 Town Hall
28:53 Workshop
29:05 Scout Tower
29:08 Scout Tower
29:09 Scout Tower
29:11 Scout Tower
29:15 Scout Tower
29:49 Workshop
29:51 Arcane Sanctum
30:26 Cannon Tower
30:32 Cannon Tower
30:32 Scout Tower
30:34 Scout Tower
30:35 Scout Tower
30:36 Scout Tower
30:47 Scout Tower
30:48 Scout Tower
30:48 Scout Tower
30:50 Scout Tower
31:54 Guard Tower
31:56 Cannon Tower
32:25 Cannon Tower
33:15 Cannon Tower
33:57 Cannon Tower
33:57 Cannon Tower
33:59 Cannon Tower
35:26 Lumber Mill
36:15 Workshop
37:22 Workshop
37:25 Workshop
37:26 Workshop
37:37 Gryphon Aviary
37:42 Gryphon Aviary
38:31 Keep
38:39 Altar of Kings
39:10 Town Hall
39:24 Arcane Vault
40:19 Farm
40:19 Farm
40:21 Farm
41:03 Castle
41:08 Farm
41:32 Blacksmith
41:37 Farm
41:40 Farm
43:20 Lumber Mill
47:51 Town Hall
» items
Scroll of Regeneration | 2 | |
Lesser Clarity Potion | 1 | |
Scroll of Town Portal | 3 | |
Potion of Lesser Invulnerability | 1 | |
Orb of Fire | 1 | |
8 total
team 2 (loser)
modchip (
green | 23 APM | 945 actions | 41:53)
4 Blademaster
2 Wind Walk
2 Critical Strike
» actions
Basic commands | 12 | |
Build / train | 27 | |
Enter build submenu | 8 | |
Enter hero's abilities submenu | 4 | |
Right click | 685 | |
Select / deselect | 166 | |
Use ability | 42 | |
945 total
» units
» buildings
Orc Burrow | 5 | |
Altar of Storms | 1 | |
Voodoo Lounge | 1 | |
7 total
» build order
01:18 Orc Burrow
02:08 Altar of Storms
02:32 Voodoo Lounge
08:13 Orc Burrow
09:22 Orc Burrow
11:57 Orc Burrow
13:31 Orc Burrow
» items
Healing Salve | 4 | |
Lesser Clarity Potion | 1 | |
5 total
wooso (
orange | 169 APM | 10957 actions | 64:53)
10 Death Knight
3 Death Coil
3 Unholy Aura
1 Animate Dead
3 Death Pact
10 Lich
3 Frost Nova
3 Frost Armor
1 Death and Decay
3 Dark Ritual
» actions
Assign group hotkey | 50 | |
Basic commands | 20 | |
Build / train | 127 | |
ESC pressed | 8 | |
Enter build submenu | 52 | |
Enter hero's abilities submenu | 22 | |
Give item / drop item | 10 | |
Right click | 4839 | |
Select / deselect | 762 | |
Select group hotkey | 4772 | |
Use ability | 295 | |
10957 total
» units
Acolyte | 19 | |
Ghoul | 3 | |
Crypt Fiend | 11 | |
Obsidian Statue | 4 | |
Frost Wyrm | 11 | |
48 total
» upgrades
Creature Carapace | 3 | |
Creature Attack | 3 | |
Freezing Breath | 1 | |
Web | 1 | |
8 total
» buildings
Crypt | 2 | |
Ziggurat | 20 | |
Altar of Darkness | 1 | |
Graveyard | 1 | |
Tomb of Relics | 5 | |
Halls of the Dead | 1 | |
Black Citadel | 1 | |
Slaughterhouse | 1 | |
Spirit Tower | 6 | |
Necropolis | 4 | |
Sacrificial Pit | 1 | |
Boneyard | 2 | |
45 total
» build order
00:16 Crypt
00:19 Crypt
00:20 Ziggurat
00:25 Altar of Darkness
00:40 Graveyard
00:49 Ziggurat
01:22 Tomb of Relics
02:13 Ziggurat
03:01 Halls of the Dead
03:48 Ziggurat
05:17 Ziggurat
05:18 Ziggurat
06:02 Ziggurat
06:03 Ziggurat
06:14 Black Citadel
06:43 Slaughterhouse
07:36 Spirit Tower
07:38 Necropolis
07:50 Sacrificial Pit
08:41 Boneyard
08:52 Boneyard
12:57 Tomb of Relics
13:53 Ziggurat
20:09 Spirit Tower
21:50 Necropolis
23:37 Ziggurat
23:38 Ziggurat
23:38 Ziggurat
23:54 Ziggurat
23:56 Ziggurat
24:55 Spirit Tower
25:34 Tomb of Relics
25:37 Tomb of Relics
28:45 Necropolis
36:27 Ziggurat
36:28 Ziggurat
36:30 Ziggurat
36:31 Ziggurat
36:33 Necropolis
37:45 Spirit Tower
38:53 Tomb of Relics
38:54 Ziggurat
39:56 Spirit Tower
44:45 Spirit Tower
60:16 Ziggurat
» items
Rod of Necromancy | 2 | |
Sacrificial Skull | 2 | |
Potion of Healing | 3 | |
Scroll of Town Portal | 16 | |
Scroll of Speed | 1 | |
Lesser Clarity Potion | 2 | |
Orb of Corruption | 3 | |
Potion of Lesser Invulnerability | 6 | |
Periapt of Vitality | 1 | |
Boots of Speed | 1 | |
Dust of Appearance | 1 | |
38 total
Chat log
(00:25 / Allies) ANGRYAGAIN2: i do not like
(00:29 / Allies) ANGRYAGAIN2: that i dont have money
(00:42 / Allies) ANGRYAGAIN2: because then people buy me stuff because i have nothing to eat during the day
(00:43 / Allies) MeatWagonDriver: more gold?
(00:46 / Allies) ANGRYAGAIN2: and then i feel bad
(00:59 / Allies) ANGRYAGAIN2: because i will not be able to repay them for a long time
(01:11 / Allies) MeatWagonDriver: i wonder if you live in europe
(01:20 / Allies) ANGRYAGAIN2: i do
(01:23 / Allies) ANGRYAGAIN2: england
(01:32 / Allies) MeatWagonDriver: i thought norway for some reaosn
(01:41 / Allies) ANGRYAGAIN2: nosir
(02:08 / Allies) ANGRYAGAIN2: i am from
(02:10 / Allies) ANGRYAGAIN2: canada
(02:11 / Allies) ANGRYAGAIN2: though
(03:15 / Allies) ANGRYAGAIN2: but i dont like it
(03:21 / Allies) MeatWagonDriver: howd you get there
(03:27 / Allies) ANGRYAGAIN2: family
(04:11 / Allies) ANGRYAGAIN2: i am the only one in my family not born here
(04:33 / Allies) MeatWagonDriver: i dont like that place
(06:34 / All) wooso: gg
(07:43 / Allies) MeatWagonDriver: i cant remember to do anything, this games no longer fun to play
(08:08 / Allies) ANGRYAGAIN2: i dont understand how he was level 3 already
(12:06 / Allies) MeatWagonDriver: this is the frustration that makes me uninstall
(12:16 / Allies) MeatWagonDriver: forgetting common sense many times in a row
(12:47 / Allies) MeatWagonDriver: to the point where even
(12:50 / All) MeatWagonDriver: These dumb niggers
(12:54 / Allies) MeatWagonDriver: can have a chance
(12:56 / Allies) MeatWagonDriver: to even win
(13:07 / Allies) ANGRYAGAIN2: i only get frustrated
(13:09 / Allies) ANGRYAGAIN2: when i fail
(13:17 / Allies) ANGRYAGAIN2: not when other people do or play better
(14:47 / Allies) ANGRYAGAIN2: b
(14:49 / All) wooso: die fucker
(15:13 / Allies) MeatWagonDriver: its like
(15:18 / Allies) MeatWagonDriver: the
(15:22 / Allies) MeatWagonDriver: fycjbg
(15:27 / Allies) MeatWagonDriver: trying to type and it hold posiitions my units
(15:32 / Allies) MeatWagonDriver: the idea is
(15:41 / Allies) MeatWagonDriver: you may think they are bad
(15:47 / Allies) MeatWagonDriver: but since they won, you should respect their skil
(15:55 / Allies) MeatWagonDriver: how cna i resepct anything when its my skill that i cant use properly anymore
(16:06 / Allies) MeatWagonDriver: if u argue that on the sc2 forums, u get banned
(16:23 / Allies) ANGRYAGAIN2: i do not respect
(16:26 / Allies) ANGRYAGAIN2: people i do not know
(16:41 / Allies) MeatWagonDriver: well its assuming u followed blizzards new bible
(16:47 / Allies) MeatWagonDriver: TM copyrighted
(16:52 / Allies) ANGRYAGAIN2: â„¢
(17:03 / Allies) MeatWagonDriver: i tried that but im stuck on japan mode so it only types a ?
(17:11 / Allies) ANGRYAGAIN2: :(
(18:04 / Allies) MeatWagonDriver: yes
(18:09 / Allies) MeatWagonDriver: fuck them
(18:13 / Allies) MeatWagonDriver: and their respect
(18:42 / Allies) MeatWagonDriver: i need lots of tps
(19:11 / All) ANGRYAGAIN2: "gg"
(19:22 / All) MeatWagonDriver: so much for that flying nigger
(19:49 / All) MeatWagonDriver: see what i mean
(19:53 / All) MeatWagonDriver: they were waiting
(20:14 / Allies) MeatWagonDriver: dont bother
(20:16 / Allies) MeatWagonDriver: keep expoing
(20:55 / All) ANGRYAGAIN2: faggot
(21:40 / Allies) ANGRYAGAIN2: orc has absolutely nothing
(22:18 / Allies) MeatWagonDriver: this lack fpo wood isbad
(23:02 / Allies) ANGRYAGAIN2: what is there
(23:12 / Allies) MeatWagonDriver: just dumb nigger
(23:37 / Allies) ANGRYAGAIN2: i must go creep another mine
(23:40 / Allies) ANGRYAGAIN2: and buy more tp
(25:45 / Allies) ANGRYAGAIN2: me must check
(26:08 / Allies) ANGRYAGAIN2: only items
(26:41 / Allies) ANGRYAGAIN2: we should check too
(29:22 / Allies) MeatWagonDriver: wonder what we should do now
(29:25 / Allies) MeatWagonDriver: winning isnt fun
(29:25 / Allies) ANGRYAGAIN2: wait
(29:28 / Allies) MeatWagonDriver: but 1 guy cant win aganst us
(29:28 / Allies) ANGRYAGAIN2: he can not win
(29:43 / Allies) ANGRYAGAIN2: now he is just mad
(29:48 / Allies) ANGRYAGAIN2: because he say gg at start
(29:51 / Allies) ANGRYAGAIN2: and then we win
(30:10 / Allies) MeatWagonDriver: ohhh i know, mass tanks
(30:20 / Allies) ANGRYAGAIN2: yes is good
(31:02 / Allies) MeatWagonDriver: haha
(31:05 / Allies) MeatWagonDriver: oh noo
(31:32 / Allies) MeatWagonDriver: heres to hoping clouds make them conmfused
(32:54 / Allies) MeatWagonDriver: i sortve want to do a 2 week high perch
(33:07 / Allies) MeatWagonDriver: that guy deserves a meetle of honor
(33:14 / Allies) ANGRYAGAIN2: ha
(34:17 / Allies) ANGRYAGAIN2: uh ohs
(34:20 / Allies) ANGRYAGAIN2: i have to walk
(35:25 / All) wooso: garbage
(35:33 / All) MeatWagonDriver: did we say you could tralk yet??
(36:08 / Allies) ANGRYAGAIN2: he is making me
(36:11 / Allies) ANGRYAGAIN2: go bone dragons
(36:16 / Allies) ANGRYAGAIN2: he is makign me mad
(36:24 / Allies) MeatWagonDriver: mass garg train on his hero might be funny
(40:44 / All) MeatWagonDriver: Now THAT was embarassing5
(41:13 / All) MeatWagonDriver: now u can talk
(41:19 / All) MeatWagonDriver: im a fair dealer
(41:53 / Allies) MeatWagonDriver: draaaaaaaaaaaaaaaaaaaaaap
(41:54 / All) ANGRYAGAIN2: noobie noobie short and spout you cant micro so tp out
(42:35 / All) MeatWagonDriver: HEHEHEHE
(42:39 / All) MeatWagonDriver: IM A NAUGTHY NIGGER
(42:58 / All) MeatWagonDriver: didnt need her
(43:26 / Allies) MeatWagonDriver: oh, bombs are an upgrade
(43:30 / Allies) MeatWagonDriver: so far ive forgotten
(43:32 / Allies) MeatWagonDriver: i needed tier 2
(43:34 / Allies) MeatWagonDriver: to hotkey
(43:37 / Allies) MeatWagonDriver: to keep hero back
(43:38 / Allies) MeatWagonDriver: or forward
(43:41 / Allies) MeatWagonDriver: upgrade weapons
(43:42 / Allies) MeatWagonDriver: build towers
(43:46 / Allies) MeatWagonDriver: stop peasants atack
(43:49 / Allies) MeatWagonDriver: forgot tech tree
(43:52 / Allies) MeatWagonDriver: forgot tank tech tree
(43:53 / Allies) MeatWagonDriver: oh
(43:55 / Allies) MeatWagonDriver: its like
(43:58 / Allies) MeatWagonDriver: im not even a human
(44:00 / Allies) MeatWagonDriver: in fact hwy bother
(44:02 / Allies) MeatWagonDriver: the games human for me
(44:37 / Allies) MeatWagonDriver: kill that niger
(45:50 / All) MeatWagonDriver: this games just tooo easy
(46:19 / All) wooso: fun fun
(46:24 / All) wooso: noob garbage?
(46:28 / All) ANGRYAGAIN2: nice lose
(46:35 / All) MeatWagonDriver: comback 1 starting: you lost to noobs worse than u
(46:44 / All) MeatWagonDriver: comback 2 starting:
(46:55 / All) MeatWagonDriver: no reply given, cannot come back from it
(48:06 / All) MeatWagonDriver: ur poopie ur apnts now hh
(48:09 / All) wooso: fun fun
(48:21 / All) MeatWagonDriver: u sound like a ph$ggit
(48:23 / All) MeatWagonDriver: say something new
(48:26 / All) wooso: lol
(48:31 / All) MeatWagonDriver: or ill unleash my ulatimte attack
(48:57 / All) wooso: fag
(50:13 / All) ANGRYAGAIN2: U DED
(50:19 / All) MeatWagonDriver: wow he
(50:24 / All) MeatWagonDriver: when did he even
(50:33 / All) MeatWagonDriver: or she
(50:47 / Allies) ANGRYAGAIN2: let me mass acos
(50:50 / Allies) ANGRYAGAIN2: and finish him
(50:55 / All) MeatWagonDriver: wow thats too powerful
(51:19 / All) MeatWagonDriver: wtf thats cheap
(51:22 / All) MeatWagonDriver: now how o we win
(51:25 / Allies) ANGRYAGAIN2: it will be humiliating
(51:26 / All) MeatWagonDriver: no money left on gay blizzard map
(51:32 / Allies) ANGRYAGAIN2: i will upload it for our forum friends
(51:39 / Allies) MeatWagonDriver: i wish i had tranquility to heal my tanks
(51:47 / Allies) MeatWagonDriver: hey thats a good idea
(51:51 / Allies) MeatWagonDriver: how bad can we play and still win
(51:57 / Allies) MeatWagonDriver: thats way better than a pro replay
(52:04 / Allies) ANGRYAGAIN2: yes
(52:20 / All) MeatWagonDriver: and yet
(52:24 / All) MeatWagonDriver: my building makes More...?
(52:54 / All) ANGRYAGAIN2: waddle waddle
(53:21 / All) wooso: haha garbage took u guys long enuf to get me
(53:26 / All) MeatWagonDriver: we didnt though
(53:28 / All) MeatWagonDriver: ur still at large
(53:28 / All) MeatWagonDriver: wtf
(53:29 / All) wooso: haha
(53:31 / All) MeatWagonDriver: so fukn
(53:35 / All) MeatWagonDriver: i mean
(53:37 / All) MeatWagonDriver: icant report u cuz u didnt hack but
(53:41 / All) MeatWagonDriver: what the fuk do i tell blizzar
(53:48 / All) MeatWagonDriver: i need to repor for somethin
(53:54 / All) MeatWagonDriver: did u swear
(53:56 / All) wooso: tell them ur mom get fucked up 24/7 hahahah
(53:58 / All) MeatWagonDriver: yeah im gonna send 5 of them
(54:03 / All) MeatWagonDriver: 1 sec
(54:05 / All) MeatWagonDriver: tell them my mom
(54:07 / All) MeatWagonDriver: get fukced up
(54:10 / All) MeatWagonDriver: but i played not her
(54:19 / All) MeatWagonDriver: thats just wird
(54:21 / All) MeatWagonDriver: wiird
(54:28 / All) MeatWagonDriver: now face the might
(54:30 / All) MeatWagonDriver: of the terran air fleet
(54:36 / All) wooso: can't even get them ahha
(54:36 / All) wooso: noob
(54:41 / All) MeatWagonDriver: im not a noob
(54:42 / Allies) MeatWagonDriver: they are slower
(54:49 / All) MeatWagonDriver: they are just slower
(55:08 / All) MeatWagonDriver: WoW burnign crusade FULL RETREAT!!!!
(55:57 / Allies) MeatWagonDriver: atashi mo atashi mo!!
(56:16 / Allies) ANGRYAGAIN2: have some tanks for back up
(56:19 / Allies) ANGRYAGAIN2: just in case
(57:29 / All) MeatWagonDriver: thats op'd as heck
(57:58 / Allies) MeatWagonDriver: its cool
(58:01 / Allies) ANGRYAGAIN2: think thats enough?
(58:04 / Allies) MeatWagonDriver: a army wll rise
(58:17 / All) MeatWagonDriver: itll be loike lord of the ring
(58:18 / All) MeatWagonDriver: 2
(58:21 / All) MeatWagonDriver: attack of saurons friends
(59:14 / All) MeatWagonDriver: ru about to
(59:18 / All) MeatWagonDriver: get punked
(60:09 / All) wooso: fag? lolz
(60:09 / Allies) ANGRYAGAIN2: i got 48
(60:12 / Allies) ANGRYAGAIN2: u ready?
(60:17 / Allies) MeatWagonDriver: yes sir
(60:46 / Allies) MeatWagonDriver: line up troops
(61:25 / All) MeatWagonDriver: k its a stale mate???
(61:27 / All) MeatWagonDriver: want to draw?
(61:34 / All) wooso: gg
(61:44 / Allies) ANGRYAGAIN2: ready?
(61:48 / All) MeatWagonDriver: dunno about u but im tired
(61:49 / All) MeatWagonDriver: i retire
(61:51 / Allies) MeatWagonDriver: yes
(61:52 / Allies) ANGRYAGAIN2: steady?
(61:53 / Allies) ANGRYAGAIN2: go!
(62:06 / All) MeatWagonDriver: now face
(62:09 / All) MeatWagonDriver: the true powers
(62:17 / All) MeatWagonDriver: oh
(62:18 / All) MeatWagonDriver: of
(62:20 / All) MeatWagonDriver: who the
(62:24 / All) MeatWagonDriver: just face it
(62:32 / Allies) MeatWagonDriver: ABANDON DIVISON
(62:35 / All) MeatWagonDriver: THEY ARE ABANDONERS
(64:09 / All) MeatWagonDriver: wOw
(64:11 / All) MeatWagonDriver: WRATH OF THE LICH
(64:13 / All) MeatWagonDriver: WE ARE GINNA
(64:16 / All) MeatWagonDriver: HOLY SHIT
(64:23 / All) MeatWagonDriver: HOLY
(64:29 / All) ANGRYAGAIN2: whgo lsoes to mass workers
(64:30 / All) MeatWagonDriver: WHY IS MY PALADIN GOING WRONG WAY
(64:32 / All) ANGRYAGAIN2: noob
(64:51 / Allies) ANGRYAGAIN2: only mine left